 Dungeon Crawl Stone Soup version 0.30-a0-591-g3c58d2bc28 (webtiles) character file.

Game seed: 14985887003975949214

25 ghostp the Chopper (level 2, -4/27 HPs)
             Began as a Minotaur Berserker on Dec 31, 2022.
             Was a Follower of Trog.
             Slain by a gnoll
             ... wielding a +0 spear
              (5 damage)
             ... on level 2 of the Dungeon on Jan 4, 2023.
             The game lasted 00:07:42 (799 turns).

ghostp the Chopper (Minotaur Berserker)              Turns: 799, Time: 00:07:43

Health: -4/27      AC:  5    Str: 21    XL:     2   Next: 86%
Magic:  1/1        EV: 11    Int:  4    God:    Trog [*.....]
Gold:   42         SH:  0    Dex:  9    Spells: 1/1 levels left

rFire   . . .      SeeInvis .    a - +0 hand axe
rCold   . . .      Faith    .    (no shield)
rNeg    . . .      Spirit   .    k - +0 ring mail
rPois   .          Reflect  .    (helmet restricted)
rElec   .          Harm     .    (no cloak)
rCorr   .          Rampage  .    (no gloves)
Will    .....                    (no boots) Stlth
                                 (no amulet)
HPRegen 0.24/turn                (no ring)
MPRegen 0.07/turn                (no ring)

@: lethally poisoned (-4 -> -7)
A: horns 2, retaliatory headbutt
a: Renounce Religion, Berserk


You were on level 2 of the Dungeon.
You worshipped Trog.
Trog was aware of your devotion.
You visited 1 branch of the dungeon, and saw 2 of its levels.

You collected 42 gold pieces.

Inventory:

Hand Weapons
 a - a +0 hand axe (weapon)
Missiles
 f - 2 poisoned darts
 i - 32 stones (quivered)
 m - 3 boomerangs
Armour
 g - a +0 scale mail
 k - a +0 ring mail (worn)
Jewellery
 d - a ring of positive energy
Scrolls
 c - a scroll of enchant armour {unknown}
 h - a scroll of identify {unknown}
 j - a scroll of immolation {unknown}
Potions
 b - a potion of attraction {unknown}
 e - a potion of heal wounds {unknown}
 l - a potion of lignification {unknown}


   Skills:
 + Level 4.0 Fighting
 + Level 4.5 Axes
 + Level 2.5 Armour
 - Level 2.2 Dodging


You had one spell level left.
You didn't know any spells.
Your spell library was empty.

Dungeon Overview and Level Annotations

Branches:
Dungeon (2/15)

Altars:

Shops:
D:1 [


Innate Abilities, Weirdness & Mutations

You have a pair of horns on your head.
You reflexively headbutt those who attack you in melee.


Message History

The gnoll shouts!
You hit the adder.
The adder is moderately wounded.
The adder bites you.
* * * LOW HITPOINT WARNING * * *
You hit the adder.
The adder is heavily wounded.
The adder bites you.
* * * LOW HITPOINT WARNING * * *
The adder bites you but does no damage.
You hit the adder but do no damage.
The adder is heavily wounded.
The gnoll barely misses you. The adder barely misses you.
You barely miss the adder.
The adder is heavily wounded.
The adder bites you but does no damage.
The gnoll hits you from afar with a +0 spear.
* * * LOW HITPOINT WARNING * * *
The adder bites you but does no damage.
You closely miss the adder. Your headbutt misses the adder.
The adder is heavily wounded.
The gnoll closely misses you. The adder barely misses you.
You miss the adder.
The adder is heavily wounded.
The gnoll misses you. The adder bites you but does no damage.
The gnoll hits you but does no damage.
You miss the adder.
The adder is heavily wounded.
The adder bites you.
* * * LOW HITPOINT WARNING * * *
You are lethally poisoned!
The adder poisons you! The adder barely misses you.
The gnoll barely misses you.
You hit the adder.
You kill the adder!
Trog accepts your kill.
* * * LOW HITPOINT WARNING * * *
You feel sick.
The gnoll hits you from afar with a +0 spear.
You die...

.. ####### .
....#.....####....
.........†@)ggg..#
....#.#<#.####...#
. # #.#.# . #...#
#####


You could see 3 gnolls.

Vanquished Creatures
  2 gnolls
  An adder (D:2)
  An endoplasm (D:1)
  A giant cockroach (D:1)
  A kobold (D:1)
  2 rats (D:1)
8 creatures vanquished.

Notes
Turn   | Place    | Note
-------+----------+-------------------------------------------
     0 | D:1      | ghostp the Minotaur Berserker began the quest for the Orb.
     0 | D:1      | Reached XP level 1. HP: 19/19 MP: 0/0
   122 | D:1      | Upgraded the game from 0.30-a0-578-gdee14c521f to
                  | 0.30-a0-591-g3c58d2bc28
   338 | D:1      | Reached XP level 2. HP: 27/27 MP: 1/1
   540 | D:1      | Found Oriemye's Antique Armour Shoppe.
   799 | D:2      | HP: 1/27 [poisoned by an adder]
   799 | D:2      | Slain by a gnoll

Illustrated notes

Levels and vault maps discovered:
D:1:      lightli_arrival_windingriver, layout_loops_ring, serial_shops,
          nicolae_shop_hallway_plus, supply_closet_lemuel,
          minmay_misc_feat_tiny, corner_web_ring, nrook_uturn
D:2:      layout_basic, guppyfry_early_orc_mine

Skill      XL: |  1  2 |
---------------+-------+-----
Axes           | 4 |  4.5
Fighting       | 4 |  4.0
Armour         | |  2.5
Dodging        | |  2.2

Action                   || total
-------------------------++-------
Melee: Hand axe          ||    25
       Headbutt          ||     3
Throw: Dart              ||     1
Armor: Ring mail         ||    11
Dodge: Dodged            ||    18

Table legend: (Time is in decaauts)
 A = Elapsed time spent in this place.
 B = Non-inter-level travel time spent in this place.
 C = Inter-level travel time spent in this place.
 D = Time resting spent in this place.
 E = Time spent auto-exploring this place.
 F = Levels seen in this place.
 G = Mean time per level.
                   A        B        C        D        E       F      G
               +--------+--------+--------+--------+--------+-----+--------+
         Total |    802 |    758 |     44 |      0 |    562 |   2 |  401.0 |
       Dungeon |    802 |    758 |     44 |      0 |    562 |   2 |  401.0 |
               +--------+--------+--------+--------+--------+-----+--------+

Top non-repeatable levels by time:
     D:1: 785 daAuts
     D:2: 17 daAuts
